 Seeded DCSS version 0.28.0-62-gf88900778d (webtiles) character file.

Game seed: 13591998346360536447 (custom seed)

14 Psyclone the Conjurer (level 2, 0/15 HPs)
             Began as a Deep Elf Conjurer on Oct 17, 2023.
             Slain by a worm (7 damage)
             ... on level 3 of the Dungeon.
             The game lasted 00:00:09 (312 turns).

Psyclone the Conjurer (Deep Elf Conjurer)            Turns: 312, Time: 00:00:09

Health: 0/15       AC:  2    Str:  4    XL:     2   Next: 27%
Magic:  8/8        EV: 12    Int: 22    God:
Gold:   42         SH:  0    Dex: 13    Spells: 4/7 levels left

rFire   . . .      SeeInvis .   b - +0 dagger
rCold   . . .      Faith    .   (no shield)
rNeg    . . .      Spirit   .   a - +0 robe
rPois   .          Reflect  .   (no helmet)
rElec   .          Harm     .   (no cloak)
rCorr   .          Rampage  .   (no gloves)
Will    .....                   (no boots)
Stlth   ++........              (no amulet)
HPRegen 0.05/turn               (no ring)
MPRegen 0.11/turn               (no ring)

@: no status effects
A: no striking features
a: no special abilities


You were on level 3 of the Dungeon.
You visited 1 branch of the dungeon, and saw 3 of its levels.

You collected 42 gold pieces.

Inventory:

Hand Weapons
 b - a +0 dagger (weapon)
Armour
 a - a +0 robe (worn)
Scrolls
 c - 3 scrolls of acquirement
 d - 2 scrolls of identify {@r1}


   Skills:
 - Level 2.4 Dodging
 - Level 2.4 Stealth
 + Level 3.0 Spellcasting
 - Level 5.0 Conjurations


You had 4 spell levels left.
You knew the following spells:

 Your Spells              Type           Power      Damage    Failure   Level
a - Magic Dart            Conj           100%       1d8       1%          1
b - Searing Ray           Conj           50%        2d6       2%          2

Your spell library contained the following spells:

 Spells                   Type           Power      Damage    Failure   Level
 Static Discharge         Conj/Air       14%        N/A       7%          2
 Dazzling Flash           Conj/Hex       28%        N/A       13%         3
 Fulminant Prism          Conj/Hex       7%         3d7       41%         4
 Iskenderun's Mystic Bla  Conj/Tloc      14%        2d5       41%         4
 Sticky Flame             Conj/Fire      14%        2d4       41%         4
 Dispel Undead            Necr           3%         3d7       77%         4


Dungeon Overview and Level Annotations

Branches:
Dungeon (3/15)

Altars:
The Shining One


Message History

Unknown command.
Casting: Magic Dart (safe; 1% risk of failure)
Confirm with . or Enter, or press ? or * to list all spells.
You can't see any susceptible monsters within range! (Use Z to cast anyway.) Unknown command.
You start waiting.
A goblin comes into view. It is wielding a +0 dagger.
You can't go down here!
A worm comes into view.
Found a glowing golden altar of the Shining One.
The goblin shouts!
You hear a shout!
You closely miss the goblin. Your punch misses the goblin.
The goblin barely misses you. The goblin hits you with a +0 dagger.
A goblin comes into view. It is wielding a +0 dagger.
You take 3 damage, and have 12/15 hp.
You can't go up here!
You barely miss the goblin. The goblin hits you but does no damage.
You miss the goblin. The goblin closely misses you.
You barely miss the goblin. The goblin misses you.
You barely miss the goblin. The goblin hits you with a +0 dagger.
You hit the goblin.
You kill the goblin!
You barely miss the worm. You punch the worm.
The worm is lightly wounded.
The worm closely misses you.
You hit the worm.
The worm is lightly wounded.
You hit the worm.
The worm is moderately wounded.
The worm bites you.
You barely miss the worm.
The worm is moderately wounded.
You completely miss the worm.
The worm is moderately wounded.
The worm completely misses you.
You hit the worm.
The worm is moderately wounded.
The worm bites you!
You die...

# .........##
#.#.###.#........
.................
# .##.............
......##..........
#..##.####.##...#
.......###g# ##
........##w#
#.....<..@#
##.....####
##...## ##.# ..<
####


You could see a worm and a goblin.

Vanquished Creatures
  A worm (D:2)
  An endoplasm (D:2)
  3 jackals (D:1)
  A kobold (D:1)
  A ball python (D:1)
  A goblin (D:3)
  3 rats
11 creatures vanquished.

Notes
Turn   | Place    | Note
-------+----------+-------------------------------------------
     0 | D:1      | Psyclone the Deep Elf Conjurer began the quest for the Orb.
     0 | D:1      | Reached XP level 1. HP: 10/10 MP: 6/6
   178 | D:2      | Reached XP level 2. HP: 15/15 MP: 6/8
   181 | D:2      | Learned a level 2 spell: Searing Ray
   211 | D:2      | Reached skill level 5 in Conjurations
   273 | D:2      | Identified 3 scrolls of acquirement
   293 | D:3      | Found a glowing golden altar of the Shining One.
   312 | D:3      | Slain by a worm

Illustrated notes

Levels and vault maps discovered:
D:1:      wander_arrival_fairy_ring, layout_basic, chequers_serial_rivers_room_a
D:2:      layout_loops_ring, shapermc_ecumenical_altar_venn, uniq_natasha
D:3:      layout_loops_ring, mainiacjoe_overflow_chevrons,
          gammafunk_ghost_arena, hangedman_glass_teeth

Skill      XL: |  1  2 |
---------------+-------+-----
Conjurations   | 5 |  5.0
Dodging        | |  2.4
Stealth        | |  2.4
Spellcasting   | |  3.0

Action                   || total
-------------------------++-------
Melee: Dagger            ||    12
       Punch             ||     1
 Cast: Magic Dart        ||    11
       Searing Ray       ||     1
  Use: Scroll            ||     1
Armor: Robe              ||     1
Dodge: Dodged            ||     6
